Map: Redshift LE

Players

Has

  • Race: Protoss Protoss
  • Spawn Location: 7:00

Nerchio - Winner!

  • Race: Zerg Zerg
  • Spawn Location: 11:00

Event: WCS Valencia 2018

VOD

Have the link to the VOD?

Description

Time

  • Played on: July 14, 2018, 9:10 a.m.
  • Length: 13:10

All games in this series

Show
View Real Time Build Order
Export as new Build Order

Has Protoss 

Build Orders: Oracle Opening 

Get SALT Encoding   

  12  0:00  Probe  
  13  0:13  Probe  
  14  0:19  Pylon  
  14  0:24  Probe  
  15  0:33  Probe  
  15  0:40  Gateway  
  15  0:41  Probe  
  17  0:52  Probe  
  17  0:55  Assimilator  
  18  1:00  Probe  
  18  1:08  Forge, Probe  
  20  1:19  Probe  
  21  1:30  Cybernetics Core  
  21  1:36  Pylon  
  21  1:40  Probe  
  22  1:54  Photon Cannon  
  22  1:56  Photon Cannon  
  22  2:01  Photon Cannon  
  22  2:07  Adept, Assimilator  
  22  2:09  Probe  
  23  2:21  Probe  
  26  2:36  Adept  
  29  2:41  Stargate  
  28  2:49  Warp Gate  
  28  2:56  Nexus  
  28  3:02  Pylon  
  28  3:06  Probe  
  29  3:14  Oracle  
  30  3:27  Photon Cannon  
  31  3:34  Shield Battery  
  31  3:38  Stalker  
  30  3:54  Probe  
  25  4:10  Oracle  
  23  4:22  Probe  
  27  4:25  Probe  
  27  4:40  Probe  
  27  4:41  Probe  
  29  4:49  Probe  
  29  4:52  Probe  
  30  4:59  Probe  
  31  5:03  Probe  
  33  5:08  Probe  
  33  5:11  Probe  
  34  5:19  Probe  
  35  5:23  Probe  
  35  5:24  Twilight Council  
  36  5:30  Probe  
  38  5:37  Protoss Ground Weapons Level 1  
  37  5:50  Gateway x2  
  37  5:53  Charge  
  37  5:55  Gateway  
  37  6:02  Dark Shrine  
  38  6:13  Pylon  
  36  6:29  Probe x2  
  38  6:40  Nexus  
  38  6:45  Probe x2  
  40  7:01  Probe x2  
  42  7:07  Pylon  
  42  7:17  Pylon  
  42  7:19  Pylon  
  42  7:23  Stalker x2, Protoss Ground Weapons Level 2  
  46  7:30  Dark Templar x2  
  50  7:41  Pylon  
  48  8:09  Zealot  
  48  8:10  Zealot x3  
  54  8:25  Shield Battery  
  54  8:27  Shield Battery  
  54  8:33  Zealot  
  54  8:34  Zealot x3  
  62  8:48  Gateway  
  62  8:49  Gateway  
  62  9:04  Dark Templar  
  62  9:08  Probe  
  64  9:19  Probe  
  64  9:20  Probe  
  64  9:21  Robotics Facility  
  64  9:31  Probe  
  64  9:32  Probe  
  64  9:36  Sentry  
  64  9:37  Sentry x2  
  64  9:38  Sentry  
  74  9:43  Probe  
  74  9:45  Nexus  
  75  9:47  Protoss Ground Weapons Level 3, Pylon  
  77  10:00  Pylon  
  77  10:06  Pylon  
  75  10:13  Zealot x4  
  75  10:14  Zealot  
  87  10:21  Immortal  
  87  10:24  Pylon  
  87  10:26  Pylon  
  89  10:47  Zealot x3  
  89  10:48  Zealot x2  
  99  10:51  Warp Prism  
  99  10:57  Zealot  
  99  11:03  Pylon  
  103  11:11  Probe x3  
  106  11:16  Dark Templar  
  106  11:17  Dark Templar  
  110  11:21  Archon  
  110  11:35  Zealot x4  
  116  11:40  Immortal  
  116  11:51  Probe x3  
  123  11:56  Zealot x3  
  126  12:21  Zealot x6  
  138  12:23  Immortal  
  89  12:52  Zealot x2  
  89  12:53  Zealot x4  
Show
View Real Time Build Order
Export as new Build Order

Nerchio Zerg - Winner!

Build Orders: Hatch First 

Get SALT Encoding   

  12  0:00  Drone  
  13  0:13  Overlord  
  13  0:18  Drone  
  14  0:31  Drone x2  
  14  0:34  Drone  
  17  0:53  Hatchery  
  17  0:56  Drone  
  17  0:58  Drone  
  17  1:03  Extractor  
  17  1:15  Spawning Pool  
  17  1:18  Drone  
  17  1:22  Drone  
  18  1:28  Drone  
  19  1:38  Overlord  
  19  1:50  Drone  
  20  2:02  Zergling x2, Queen  
  23  2:09  Roach Warren  
  22  2:21  Hatchery  
  21  2:32  Drone  
  22  2:49  Roach x3  
  27  2:54  Roach x2  
  31  3:07  Overlord  
  29  3:25  Queen  
  31  3:27  Ravager x2  
  31  3:28  Drone x4  
  37  3:36  Ravager  
  37  3:38  Drone x2  
  40  3:43  Drone  
  40  3:47  Drone  
  42  3:53  Drone  
  42  3:54  Drone  
  44  3:57  Overlord  
  44  4:00  Drone  
  39  4:06  Drone x2  
  42  4:10  Drone  
  42  4:14  Queen  
  44  4:19  Spore Crawler  
  44  4:23  Roach  
  42  4:30  Queen  
  44  4:35  Overlord  
  44  4:38  Spore Crawler  
  43  4:39  Drone  
  43  4:43  Drone x2  
  46  4:46  Drone  
  46  4:48  Drone  
  46  4:51  Overlord  
  48  4:57  Queen  
  50  5:05  Extractor  
  50  5:06  Drone x2  
  51  5:08  Queen  
  53  5:20  Overlord  
  53  5:22  Roach x3  
  53  5:23  Roach  
  53  5:27  Overlord  
  61  5:31  Overlord  
  57  5:37  Drone x3  
  60  5:45  Drone x3  
  60  5:47  Lair  
  60  5:48  Drone x2  
  65  5:52  Drone x2  
  65  5:55  Drone  
  64  6:03  Ravager  
  64  6:04  Ravager  
  66  6:14  Overlord  
  66  6:17  Queen  
  68  6:19  Drone x8  
  74  6:26  Extractor  
  74  6:30  Roach x2  
  77  6:40  Roach x2  
  77  6:42  Evolution Chamber  
  80  6:47  Ravager  
  80  6:48  Ravager  
  80  6:51  Overlord  
  80  6:52  Roach  
  84  6:59  Roach  
  84  7:00  Roach  
  88  7:03  Queen x2  
  92  7:14  Extractor  
  92  7:15  Glial Reconstitution  
  91  7:21  Roach  
  91  7:22  Roach  
  95  7:27  Overlord x2  
  95  7:30  Hatchery  
  95  7:31  Overlord  
  91  7:39  Overlord  
  91  7:44  Zerg Melee Weapons Level 1  
  91  7:50  Metabolic Boost  
  91  7:52  Drone x2  
  91  7:53  Roach x2  
  91  7:58  Roach, Drone  
  95  7:59  Drone x3  
  95  8:05  Drone x3  
  97  8:11  Drone x2  
  98  8:23  Pneumatized Carapace  
  98  8:36  Hydralisk Den  
  98  8:40  Drone x8  
  105  8:41  Drone x2  
  105  8:42  Drone  
  105  8:45  Drone  
  105  8:47  Overseer  
  109  9:04  Hydralisk x9  
  109  9:07  Extractor  
  126  9:14  Muscular Augments  
  126  9:27  Drone x7  
  133  9:34  Overlord  
  133  9:35  Queen  
  135  9:41  Zerg Melee Weapons Level 2  
  135  9:44  Extractor, Baneling Nest  
  133  9:47  Roach x2  
  133  9:50  Roach  
  133  9:52  Overlord x2  
  136  10:03  Drone x5  
  141  10:10  Overlord x2  
  141  10:15  Hatchery  
  141  10:20  Hydralisk x3  
  146  10:25  Grooved Spines  
  146  10:26  Centrifical Hooks  
  146  10:32  Evolution Chamber  
  145  10:35  Hydralisk  
  145  10:36  Hydralisk x2  
  145  10:38  Zergling x4  
  145  10:39  Zergling x2  
  152  10:43  Drone x2  
  154  10:50  Zergling x2  
  154  10:51  Zergling x12  
  154  10:53  Zergling x2  
  154  10:55  Zergling x2  
  154  10:56  Zergling x2  
  164  11:00  Zergling x4  
  164  11:03  Zerg Missile Weapons Level 1  
  166  11:09  Drone x4  
  170  11:12  Overlord x2  
  170  11:18  Spore Crawler, Overseer  
  169  11:25  Drone  
  170  11:28  Overlord  
  164  11:37  Zergling x2  
  164  11:38  Drone x3  
  164  11:39  Drone x4  
  168  11:43  Hydralisk x3, Drone x2  
  176  11:47  Baneling x5  
  176  12:05  Baneling x15  
  176  12:07  Zergling x18  
  185  12:12  Hydralisk x2  
  187  12:16  Hydralisk x2  
  191  12:23  Zergling x2  
  191  12:24  Zergling x12  
  186  12:31  Hydralisk x3  
  186  12:34  Hydralisk x2  
  190  12:44  Zergling x4  
Tags
 
Add a new tag
Caveats
  • Supply blocks, unpowered buildings, or Contaminate may cause inaccurate times.
  • Supply counts are checked every 10 seconds.